 Dungeon Crawl Stone Soup version 0.30-a0-1103-g25895a7845 (webtiles) character file.

Game seed: 14156768335361574266

2790 tilp the Geomancer (level 10, 0/80 HPs)
             Began as a Meteoran Earth Elementalist on Apr 18, 2023.
             Slain by a killer bee (5 damage)
             ... on level 8 of the Dungeon.
             The game lasted 00:19:31 (3206 turns).

tilp the Geomancer (Meteoran Earth Elementalist)    Turns: 3206, Time: 00:19:31

Health: 0/80       AC:  3    Str:  9    XL:     10   Next: 21%
Magic:  18/19      EV: 19    Int: 21    God:
Gold:   111        SH:  0    Dex: 16    Spells: 10/20 levels left

rFire   + . .      SeeInvis .    a - +1 mace (flame)
rCold   . . .      Faith    .    (no shield)
rNeg    . . .      Spirit   .    B - +2 leather armour {rF+}
rPois   .          Reflect  .    (no helmet)
rElec   .          Rampage  .    A - +0 cloak
rCorr   .                        (no gloves)
Will    ++...                    e - +0 pair of boots
Stlth   +                        (no amulet)
HPRegen 0.33/turn                g - ring of willpower
MPRegen 0.16/turn                h - +5 ring of evasion

@: corroded, glowing, studying Transmutations
A: sense surroundings 2, otherworldly, glowing, explore regen
a: no special abilities


You were on level 8 of the Dungeon.
You visited 2 branches of the dungeon, and saw 10 of its levels.

You collected 333 gold pieces.
You spent 222 gold pieces at shops.

Inventory:

Hand Weapons
 a - a +1 mace of flaming (weapon)
 b - a +2 flail of holy wrath
Missiles
 i - 8 javelins
 j - 44 stones
 m - 2 boomerangs
 p - 18 poisoned darts
Armour
 d - a +0 robe
 e - a +0 pair of boots (worn)
 o - a +0 ring mail of cold resistance
 q - the +5 ring mail of Hiephei {rCorr}
   (You took it off an orc on level 6 of the Dungeon)

   rCorr:     It protects you from acid and corrosion.
 A - a +0 cloak (worn)
 B - a +2 leather armour of fire resistance (worn)
 H - a +2 buckler
 I - a +3 ring mail of fire resistance
Magical Staves
 J - a staff of death
Jewellery
 g - a ring of willpower (left hand)
 h - a +5 ring of evasion (right hand)
 k - a ring of see invisible
 y - a +6 ring of intelligence
 C - a ring of resist corrosion
Wands
 t - a wand of iceblast (12)
 u - a wand of charming (11)
 w - a wand of polymorph (10)
 M - a wand of mindburst (11)
Scrolls
 v - 2 scrolls of teleportation
 z - a scroll of vulnerability
 D - a scroll of identify
 E - a scroll of blinking
Potions
 c - 2 potions of mutation
 f - 3 potions of curing
 l - a potion of ambrosia
 n - 4 potions of attraction
 r - 2 potions of haste
 s - 3 potions of lignification
 x - 2 potions of berserk rage
 F - 2 potions of cancellation
 G - a potion of might
 K - 4 potions of magic
Miscellaneous
 L - a lightning rod (4/4)


   Skills:
 + Level 4.6 Fighting
 + Level 5.1 Maces & Flails
 - Level 2.0 Throwing
 + Level 6.6 Dodging
 - Level 2.0 Stealth
 + Level 5.6 Spellcasting
 + Level 3.5 Conjurations
 + Level 3.2 Summonings
 - Level 2.0 Translocations
 - Level 1.2 Transmutations
 * Level 9.0 Earth Magic
 * Level 3.7 Evocations


You had 10 spell levels left.
You knew the following spells:

 Your Spells              Type           Power      Damage    Failure   Level
a - Sandblast             Erth           88%        2d18      1%          1
b - Stone Arrow           Conj/Erth      64%        3d11      3%          3
c - Animate Armour        Summ/Erth      62%        N/A       11%         4
d - Blink                 Tloc           28%        N/A       10%         2

Your spell library contained the following spells:

 Spells                   Type           Power      Damage    Failure   Level
 Passwall                 Tmut/Erth      22%        N/A       2%          2
 Momentum Strike          Conj/Tloc      34%        3d8       7%          2
 Lesser Beckoning         Tloc           28%        N/A       10%         2
 Petrify                  Tmut/Erth      27%        N/A       17%         4
 Portal Projectile        Hex/Tloc       20%        N/A       28%         3
 Inner Flame              Hex/Fire       5%         N/A       41%         3
 Tukima's Dance           Hex            5%         N/A       41%         3
 Flame Wave               Conj/Fire      13%        2d6       56%         4
 Sticky Flame             Conj/Fire      13%        2d4       56%         4
 Iron Shot                Conj/Erth      16%        9d4       86%         6
 Blade Hands              Tmut           5%         N/A       94%         5


Dungeon Overview and Level Annotations

Branches:
Dungeon (9/15) Zot: 2140   Temple (1/1) D:6 Zot: 511
   Lair: D:8-11         Orc: D:9-12

Altars:
Dithmenos
Fedhas
Gozag
Hepliaklqana
Kikubaaqudgha
Nemelex Xobeh
Okawaru
Qazlal
Trog
Wu Jian
Xom
Lugonu

Shops:
D:1 (:!   D:2 (   D:3 *   D:7 *

Annotations:
D:8 Pikel


Innate Abilities, Weirdness & Mutations

You passively map the area around you.
You are easily found by Zot.
You glow in the dark.
You regain HP and MP as you explore.


Message History

Confirm with . or Enter, or press ? or * to list all spells.
Aiming: Sandblast (safe; 1% risk of failure)
Press: ? - help, Shift-Dir - straight line, f/p - jelly
Aim: a jelly (severely wounded, 100% to hit)
The blast of sand misses the killer bee.
The blast of sand hits the jelly!!
You kill the jelly!
The killer bee buzzes angrily.
You feel extremely sick. The killer bee stings you.
* * * LOW HITPOINT WARNING * * *
You are more poisoned.
The killer bee poisons you! The killer bee barely misses you.
The killer bee stings you but does no damage.
The killer bee completely misses you.
The killer bee attacks as you move away!
The killer bee stings you!
* * * LOW HITPOINT WARNING * * *
x2 You feel very sick.
The killer bee stings you!
* * * LOW HITPOINT WARNING * * *
Unknown command.
You feel better. The killer bee barely misses you.
The killer bee completely misses you.
Unknown command.
The killer bee attacks as you move away!
The killer bee closely misses you. The killer bee misses you.
Unknown command.
Casting: Sandblast (safe; 1% risk of failure)
Confirm with . or Enter, or press ? or * to list all spells.
Aiming: Sandblast (safe; 1% risk of failure)
Press: ? - help, Shift-Dir - straight line, f - killer bee
Aim: a killer bee (69% to hit)
The blast of sand misses the killer bee.
The blast of sand hits the killer bee!
The killer bee is severely wounded.
The killer bee stings you!
* * * LOW HITPOINT WARNING * * *
The killer bee barely misses you. x2; The killer bee stings you.
You die...

#...#### #.#
#........, ,,
#...#
#.#######........
, #...#
#.......#....# *
#####
#######.#<##.###
#.#......####
###.y..........
#yy............
#y####......... *
#@#............,
#y#............,
#..............y
###............,
#.......[....
#............
#............
#....########* ,
*


You could see 4 killer bees.

Vanquished Creatures
  A wyvern (D:7)
  Eustachio (D:6)
  Menkaure (D:4)
  Edmund (D:6)
  A sky beast (D:7)
  2 ice beasts
  An orc warrior (D:7)
  A centaur (D:8)
  2 lemures
  A kobold brigand (D:7)
  A bullfrog (D:6)
  5 scorpions
  A wight (D:9)
  Dowan (D:6)
  4 killer bees (D:7)
  A howler monkey (D:5)
  An electric eel (D:7)
  2 hounds
  A gnoll bouda (D:6)
  3 jellies
  5 orc priests
  2 sleepcaps
  6 orc wizards
  5 iguanas
  3 gnolls (D:6)
  11 adders
  2 shadow imps
  A white imp (D:8)
  An ufetubus (D:4)
  2 worms
  12 dart slugs
  33 orcs
  4 ball pythons
  8 endoplasms
  2 giant cockroaches
  4 goblins
  3 hobgoblins
  5 jackals (D:4)
  6 kobolds
  3 quokkas
  3 bats
  5 frilled lizards
  4 rats
162 creatures vanquished.

Vanquished Creatures (collateral kills)
  Duvessa (D:6)
1 creature vanquished.

Grand Total: 163 creatures vanquished

Notes
Turn   | Place    | Note
-------+----------+-------------------------------------------
     0 | D:1      | tilp the Meteoran Earth Elementalist began the quest for
                  | the Orb.
     0 | D:1      | Reached XP level 1. HP: 14/14 MP: 5/5
    74 | D:1      | Reached XP level 2. HP: 22/22 MP: 4/6
   124 | D:1      | Found Daduon's Antique Weapon Emporium.
   150 | D:2      | Reached skill level 1 in Fighting
   150 | D:2      | Reached skill level 1 in Maces & Flails
   176 | D:2      | Reached XP level 3. HP: 28/28 MP: 4/8
   177 | D:2      | Reached skill level 4 in Earth Magic
   217 | D:2      | Found Fatep's Weapon Shoppe.
   313 | D:2      | Learned a level 3 spell: Stone Arrow
   344 | D:1      | Found Kaxug's Distillery.
   350 | D:1      | Bought a potion of degeneration for 10 gold pieces
   350 | D:1      | Bought a potion of attraction for 30 gold pieces
   358 | D:1      | Found Fem Faxu's Book Shop.
   426 | D:2      | Reached XP level 4. HP: 33/36 MP: 6/9
   504 | D:2      | Reached XP level 5. HP: 41/41 MP: 7/10
   555 | D:1      | Bought a potion of heal wounds for 50 gold pieces
   603 | D:3      | Found Rihuuqov's General Store.
   618 | D:3      | Found a blossoming altar of Fedhas.
   629 | D:3      | Found a shimmering altar of Xom.
   866 | D:4      | Reached XP level 6. HP: 22/50 MP: 7/12
   899 | D:4      | Reached skill level 5 in Earth Magic
   923 | D:5      | Entered Level 5 of the Dungeon
   950 | D:5      | Reached XP level 7. HP: 37/57 MP: 11/13
  1249 | D:5      | Noticed Menkaure
  1255 | D:4      | Killed Menkaure
  1256 | D:4      | Reached skill level 6 in Earth Magic
  1283 | D:5      | Reached XP level 8. HP: 66/66 MP: 6/15
  1354 | D:6      | Noticed Edmund
  1355 | D:6      | Noticed Duvessa
  1369 | D:5      | HP: 1/66 [shadow imp (3)]
  1422 | D:5      | Learned a level 4 spell: Animate Armour
  1435 | D:5      | Reached skill level 7 in Earth Magic
  1594 | D:7      | Reached skill level 1 in Conjurations
  1594 | D:7      | Reached skill level 1 in Summonings
  1622 | D:6      | Reached skill level 5 in Spellcasting
  1663 | D:6      | Found a staircase to the Ecumenical Temple.
  1674 | D:6      | Identified the +5 ring mail of Hiephei {rCorr}
  1676 | D:6      | Noticed Dowan
  1678 | D:6      | Reached skill level 5 in Dodging
  1694 | D:6      | HP: 2/66 [Duvessa/+2 short sword of distortion (10)]
  1699 | D:6      | Killed Duvessa
  1725 | D:6      | Killed Edmund
  1726 | D:6      | Reached skill level 8 in Earth Magic
  1726 | D:6      | Gained mutation: You passively map the area around you.
                  | [Meteoran growth]
  1726 | D:6      | Reached XP level 9. HP: 41/71 MP: 10/17
  1728 | D:6      | Killed Dowan
  1853 | Temple   | Entered the Ecumenical Temple
  1980 | D:6      | Learned a level 2 spell: Blink
  2128 | D:6      | Reached skill level 1 in Evocations
  2160 | D:6      | Noticed Eustachio
  2174 | D:6      | Killed Eustachio
  2175 | D:6      | Reached skill level 1 in Translocations
  2195 | D:6      | Reached skill level 1 in Throwing
  2455 | D:7      | Found Nutwauq's Assorted Antiques.
  2466 | D:7      | Bought a scroll of identify for 68 gold pieces
  2466 | D:7      | Bought a scroll labelled INEOTHEAPN for 34 gold pieces
  2466 | D:7      | Bought an orange potion for 30 gold pieces
  2748 | D:8      | Noticed Pikel
  2861 | D:7      | Reached XP level 10. HP: 80/80 MP: 15/19
  3015 | D:7      | Reached skill level 5 in Maces & Flails
  3036 | D:8      | Reached skill level 9 in Earth Magic
  3206 | D:8      | Slain by a killer bee

Illustrated notes

Levels and vault maps discovered:
D:1:      shiori_arrival_maze, layout_basic, serial_shops, shop,
          nicolae_shop_hallway_stairs, shop, nicolae_shop_tiny_statue_garden,
          minmay_tree_intersection
D:2:      layout_rooms, serial_shops, nicolae_shop_bloodbath_and_beyond,
          uniq_crazy_yiuf_cottage
D:3:      layout_rooms, makhleb_altar_promises_db,
          mainiacjoe_overflow_large_starburst, serial_shops, shop,
          minmay_misc_feat_rugged
D:4:      layout_rooms, minmay_checkerbox
D:5:      layout_rooms, uniq_menkaure
D:6:      layout_basic, temple_pool_b, uniq_eustachio, uniq_duvessa, uniq_edmund
D:7:      kennysheep_slugbush, layout_basic, serial_shops,
          nicolae_shop_hallway_plus
D:8:      layout_basic, uniq_pikel, uniq_maggie
D:9:      layout_loops_cross, good_gods_temple_1, yredelemnul_altar_generic,
          nicolae_ru_awakened_eye, grunt_temple_overflow_open
Temple:   kb_corrupted_temple

Skill      XL: |  1  2  3  4  5  6  7  8  9 10 |
---------------+-------------------------------+-----
Fighting       | 1 2 3 4 |  4.6
Maces & Flails | 1 2 3 4 5 |  5.1
Earth Magic    | 4 5 6 8 9 |  9.0
Spellcasting   | 3 4 5 |  5.6
Dodging        | 3 4 5 6 |  6.6
Conjurations   | 2 3 |  3.5
Summonings     | 2 3 |  3.2
Evocations     | 3 |  3.7
Translocations | 1 2 |  2.0
Throwing       | 1 2 |  2.0
Stealth        | 2 |  2.0
Transmutations | |  1.2

Action                     |  1- 3 |  4- 6 |  7- 9 | 10-12 || total
---------------------------+-------+-------+-------+-------++-------
  Melee: Mace              |     1 |     8 |    20 |     1 ||    30
         Punch             |       |       |     1 |       ||     1
   Cast: Sandblast         |    28 |    61 |   123 |    26 ||   238
         Stone Arrow       |       |       |    32 |     7 ||    39
    Use: Scroll            |     2 |     6 |    12 |       ||    20
         Potion            |       |       |     3 |     1 ||     4
 Armour: Robe              |     2 |    10 |    12 |       ||    24
         Leather armour    |       |       |    17 |     6 ||    23
  Dodge: Dodged            |     3 |    40 |   127 |    25 ||   195

Table legend: (Time is in decaauts)
 A = Elapsed time spent in this place.
 B = Non-inter-level travel time spent in this place.
 C = Inter-level travel time spent in this place.
 D = Time resting spent in this place.
 E = Time spent auto-exploring this place.
 F = Levels seen in this place.
 G = Mean time per level.
                   A        B        C        D        E       F      G
               +--------+--------+--------+--------+--------+-----+--------+
         Total |   3347 |   3031 |    316 |    106 |      0 |  10 |  334.7 |
       Dungeon |   3258 |   2960 |    298 |    106 |      0 |   9 |  362.0 |
        Temple |     88 |     70 |     18 |      0 |      0 |   1 |   88.0 |
               +--------+--------+--------+--------+--------+-----+--------+

Top non-repeatable levels by time:
     D:7: 750 daAuts
     D:6: 736 daAuts
     D:4: 487 daAuts
     D:2: 356 daAuts
     D:5: 328 daAuts
     D:1: 221 daAuts
     D:3: 216 daAuts
     D:8: 141 daAuts
  Temple: 88 daAuts
     D:9: 20 daAuts
